 Dungeon Crawl Stone Soup version 0.28-a0-1567-g1695149f81 (webtiles) character file.

Game seed: 8342292214216429576

4164 a3don the Ruffian (level 10, -1/96 HPs)
             Began as a Troll Artificer on Jan 20, 2022.
             Was an Elder of Wu Jian.
             Slain by a two-headed ogre (26 damage)
             ... on level 9 of the Dungeon.
             The game lasted 00:17:49 (6016 turns).

a3don the Ruffian (Troll Artificer)                 Turns: 6016, Time: 00:17:51

Health: -1/96      AC:  8    Str: 24    XL:     10   Next: 7%
Magic:  14/14      EV: 15    Int: 11    God:    Wu Jian [****..]
Gold:   469        SH:  0    Dex: 10    Spells: 7/16 levels left

rFire   . . .      SeeInvis .   R - +4 flail of the Dove {spect, Will+ Int+2}
rCold   + . .      Faith    .   (no shield)
rNeg    . . .      Spirit   .   V - +1 steam dragon scales
rPois   .          Reflect  .   (helmet restricted)
rElec   .          Harm     .   o - scarf {shadows}
rCorr   .          Rampage  .   (gloves unavailable)
Will    +....                   (boots unavailable)
Stlth   +.........              (no amulet)
HPRegen 1.06/turn               t - ring of protection from cold
MPRegen 0.14/turn               D - +4 ring of evasion

@: no status effects
A: large, unfitting armour, claws 3, regeneration 1, shaggy fur 1, tough skin 1
a: Renounce Religion, Wall Jump, Serpent's Lash


You were on level 9 of the Dungeon.
You worshipped Wu Jian.
Wu Jian was greatly pleased with you.
You visited 1 branch of the dungeon, and saw 9 of its levels.

You collected 469 gold pieces.

Inventory:

Hand Weapons
 b - a +0 hunting sling
 j - a +1 spear of freezing
 A - a +0 broad axe
 K - a +2 flail of protection
 R - the +4 flail of the Dove (weapon) {spect, Will+ Int+2}
   (You found it on level 6 of the Dungeon)

   When its wielder attacks, the weapon's spirit leaps out and strikes again.
   The spirit shares a part of any damage it takes with its wielder.
   Int:       It affects your intelligence (+2).
   Will:      It increases your willpower.
 U - a +3 broad axe of draining
Missiles
 p - 222 stones
 u - 25 poisoned darts
 C - 51 sling bullets
 M - 4 javelins
 P - 3 boomerangs
 S - 3 large rocks
Armour
 h - a +0 robe
 o - a scarf of shadows (worn)
 q - +0 acid dragon scales
 x - an orb of guile
 V - +1 steam dragon scales (worn)
Jewellery
 t - a ring of protection from cold (left claw)
 D - a +4 ring of evasion (right claw)
 G - a +6 ring of strength
Wands
 c - a wand of flame (43) (quivered)
 d - a wand of charming (11)
 J - a wand of paralysis (10)
 Q - a wand of iceblast (10)
Scrolls
 a - 2 scrolls of fear {unknown}
 f - 2 scrolls of blinking {unknown}
 g - 2 scrolls of silence {unknown}
 m - 3 scrolls of amnesia {unknown}
 r - 2 scrolls of noise {unknown}
 v - 7 scrolls of identify {unknown}
 w - 3 scrolls of acquirement {unknown}
 y - 4 scrolls of immolation {unknown}
 E - a scroll of teleportation {unknown}
 F - a scroll of brand weapon {unknown}
 I - a scroll of fog {unknown}
 L - a scroll of enchant weapon {unknown}
 N - a scroll of holy word {unknown}
 O - 2 scrolls of magic mapping {unknown}
Potions
 i - 2 potions of magic {unknown}
 k - 2 potions of degeneration {unknown}
 l - a potion of lignification {unknown}
 n - a potion of curing {unknown}
 s - 2 potions of brilliance {unknown}
 z - 2 potions of attraction {unknown}
 B - 4 potions of heal wounds {unknown}
 H - a potion of ambrosia {unknown}
 T - 2 potions of cancellation {unknown}
Miscellaneous
 e - a piece from Xom's chessboard (14/15)


   Skills:
 + Level 5.1 Fighting
 + Level 1.3 Maces & Flails
 + Level 5.2 Dodging
 - Level 0.6 Stealth
 - Level 5.4 Unarmed Combat
 + Level 3.5 Spellcasting
 + Level 0.2 Summonings
 + Level 4.1 Ice Magic
 + Level 5.0 Evocations


You had 7 spell levels left.
You knew the following spells:

 Your Spells              Type           Power      Damage    Failure   Level
a - Frozen Ramparts       Ice            22%        1d4       14%         3
b - Ice Form              Ice/Tmut       6%         N/A       71%         4
c - Call Imp              Summ           2%         N/A       34%         2

Your spell library contained the following spells:

 Spells                   Type           Power      Damage    Failure   Level
 Foxfire                  Conj/Fire      4%         2x1d4     26%         1
 Magic Dart               Conj           4%         1d3       26%         1
 Gell's Gravitas          Tloc           1%         N/A       58%         3
 Lesser Beckoning         Tloc           1%         N/A       58%         3
 Mephitic Cloud           Conj/Pois/Air  1%         N/A       58%         3
 Teleport Other           Tloc           1%         N/A       58%         3
 Tukima's Dance           Hex            1%         N/A       58%         3
 Summon Ice Beast         Ice/Summ       6%         N/A       69%         4
 Iskenderun's Mystic Bla  Conj/Tloc      1%         2d3       94%         4
 Passage of Golubria      Tloc           1%         N/A       94%         4
 Irradiate                Conj/Tmut      0%         3d13      100%        5
 Yara's Violent Unravell  Hex/Tmut       0%         3d3       100%        5


Dungeon Overview and Level Annotations

Branches:
Dungeon (9/15)             Temple (0/1) D:6
   Lair: D:8-11         Orc: D:9-12

Altars:
Ashenzari
Dithmenos
Fedhas
Kikubaaqudgha
Makhleb
Okawaru
Ru
Trog
Uskayaw
Vehumet
Wu Jian
Xom
Yredelemnul

Shops:
D:6 *   D:7 *

Annotations:
D:7 1 runed translucent door, lessens's ghost, novice DEVM


Innate Abilities, Weirdness & Mutations

You are too large for most types of armour.
You have claws for hands.
Your natural rate of healing is unusually fast.
You are covered in fur. (AC +1)
You have tough skin. (AC +1)


Message History

a +0 flail; a +0 leather armour Done exploring.
Done exploring.
No target in view!
(D) Dungeon (T) Temple
Where to? (Enter - D:8, ? - help)
There is a stone staircase leading down here.
You climb downwards.
There is a stone staircase leading up here.
A two-headed ogre comes into view.
It is wielding two +0 giant spiked clubs.
Okay, then.
You make a move on Xom's chessboard...
The two-headed ogre resists with some effort.
The two-headed ogre hits you with a +0 giant spiked club!!
The two-headed ogre hits you with a +0 giant spiked club!
You hear an angry hiss.
You hit the two-headed ogre.
The two-headed ogre is lightly wounded.
Your +4 flail of the Dove {spect, Will+ Int+2} hits the two-headed ogre!
You hear an angry hiss.
You hear a bellow!
A wyvern comes into view. x2; A yak comes into view.
The two-headed ogre hits you with a +0 giant spiked club!
The two-headed ogre misses you.
You hear an angry hiss. x2
You hit the two-headed ogre but do no damage.
The two-headed ogre is moderately wounded.
Your +4 flail of the Dove {spect, Will+ Int+2} hits the two-headed ogre!
The yak barely misses your +4 flail of the Dove {spect, Will+ Int+2}.
A water moccasin comes into view.
The two-headed ogre hits you with a +0 giant spiked club.
The two-headed ogre hits you with a +0 giant spiked club!
* * * LOW HITPOINT WARNING * * *
You sock the two-headed ogre!
The two-headed ogre is severely wounded.
Your +4 flail of the Dove {spect, Will+ Int+2} hits the two-headed ogre!
The wyvern bites your +4 flail of the Dove {spect, Will+ Int+2}!
Your spectral weapon shares its damage with you!
* * * LOW HITPOINT WARNING * * *
The two-headed ogre hits you with a +0 giant spiked club!!
You die...

#.###......
#.........#
#.#######
######.#
#......#
#.####.#
#.# #.# #@#
#.(O.....
#l####...
#l . .S ...
.♣.


You could see a two-headed ogre, a water moccasin, 2 wyverns and a friendly +4
flail of the Dove {spect, Will+ Int+2} (summoned).

Vanquished Creatures
  A cyclops (D:7)
  Psyche (D:7)
  Maggie (D:8)
  A wyvern (D:8)
  A steam dragon (D:7)
  3 water moccasins
  2 sky beasts
  3 black bears
  A necrophage (D:7)
  3 ogres
  3 centaurs
  2 kobold brigands
  2 phantoms
  4 bullfrogs
  A scorpion (D:4)
  A wyvern skeleton (D:6)
  A water moccasin skeleton (D:7)
  5 killer bees
  An electric eel (D:7)
  2 jellies
  4 hounds
  A bullfrog skeleton (D:6)
  2 gnoll shamans
  An orc priest (D:8)
  3 iguanas
  2 orc wizards
  7 gnolls
  2 howler monkey skeletons (D:7)
  8 adders
  2 shadow imps
  2 white imps
  An adder skeleton (D:4)
  3 worms
  2 dart slugs
  10 orcs
  6 ball pythons
  4 bats
  6 endoplasms
  4 giant cockroaches
  7 goblins
  5 hobgoblins
  14 kobolds
  2 frilled lizards
  3 rats
140 creatures vanquished.

Vanquished Creatures (collateral kills)
  A gnoll (D:2)
  A dart slug (D:2)
2 creatures vanquished.

Vanquished Creatures (others)
  A gnoll (D:2)
  A kobold (D:7)
  2 withered plants (D:7)
4 creatures vanquished.

Grand Total: 146 creatures vanquished

Notes
Turn   | Place    | Note
-------+----------+-------------------------------------------
     0 | D:1      | a3don the Troll Artificer began the quest for the Orb.
     0 | D:1      | Reached XP level 1. HP: 18/18 MP: 0/0
    75 | D:1      | Reached skill level 1 in Fighting
   151 | D:1      | Reached XP level 2. HP: 27/27 MP: 1/1
   208 | D:1      | You fall into a shaft and drop 1 floor!
   235 | D:2      | Reached skill level 1 in Unarmed Combat
   235 | D:2      | Reached XP level 3. HP: 22/33 MP: 2/2
   401 | D:2      | Found a faded altar of an unknown god.
   405 | D:2      | Prayed at the altar of an unknown god.
   405 | D:2      | Became a worshipper of the Wu Jian Council
   405 | D:2      | Reached * piety under Wu Jian
   573 | D:2      | Reached XP level 4. HP: 40/41 MP: 3/3
   595 | D:2      | Learned a level 3 spell: Frozen Ramparts
  1199 | D:3      | Noticed a +0 hand axe
  1199 | D:3      | Noticed a +0 hand axe
  1200 | D:3      | Found a hide-covered altar of Uskayaw.
  1267 | D:3      | Found a bloodstained altar of Trog.
  1360 | D:3      | Found an ancient bone altar of Kikubaaqudgha.
  1381 | D:3      | Noticed a sky beast
  1385 | D:3      | Reached ** piety under Wu Jian
  1410 | D:3      | Killed a sky beast
  1411 | D:3      | Reached skill level 1 in Spellcasting
  1411 | D:3      | Reached XP level 5. HP: 49/49 MP: 3/5
  1475 | D:3      | Found a shadowy altar of Dithmenos.
  1859 | D:4      | Reached skill level 1 in Ice Magic
  1859 | D:4      | Reached XP level 6. HP: 52/57 MP: 6/6
  1946 | D:4      | Learned a level 4 spell: Ice Form
  2243 | D:5      | Entered Level 5 of the Dungeon
  2386 | D:5      | Found an iron altar of Okawaru.
  2546 | D:5      | Found a shimmering altar of Xom.
  2550 | D:5      | Found a shimmering altar of Xom.
  2550 | D:5      | Found a shimmering altar of Xom.
  2552 | D:5      | Found a shimmering altar of Xom.
  2552 | D:5      | Found a shimmering altar of Xom.
  2552 | D:5      | Found a shimmering altar of Xom.
  2556 | D:5      | Found a shimmering altar of Xom.
  2610 | D:5      | Got Vehumet's Grimoire of Conjuration
  2621 | D:5      | Reached XP level 7. HP: 65/66 MP: 8/8
  3074 | D:6      | Found a staircase to the Ecumenical Temple.
  3115 | D:6      | Reached *** piety under Wu Jian
  3206 | D:6      | Found a basalt altar of Yredelemnul.
  3207 | D:6      | Found a sacrificial altar of Ru.
  3230 | D:6      | Found Immozas's Gadget Gallery.
  3277 | D:6      | Reached XP level 8. HP: 48/75 MP: 10/10
  3387 | D:6      | Identified the +4 flail of the Dove {spect, Will+ Int+2}
  3400 | D:6      | Found a radiant altar of Vehumet.
  3421 | D:6      | Found a burning altar of Makhleb.
  3783 | D:7      | Noticed a cyclops
  3799 | D:7      | Killed a cyclops
  3802 | D:7      | Reached XP level 9. HP: 59/84 MP: 10/12
  3955 | D:7      | Found a runed translucent door.
  3955 | D:7      | Noticed lessens's ghost (novice DEVM)
  3977 | D:7      | Found Rako Odi's General Store.
  3993 | D:7      | Found a blossoming altar of Fedhas.
  4257 | D:7      | Found a broken altar of Ashenzari.
  4320 | D:7      | Reached skill level 5 in Unarmed Combat
  4871 | D:8      | Noticed Psyche
  4878 | D:7      | Killed Psyche
  4928 | D:7      | Reached skill level 5 in Dodging
  5041 | D:8      | Reached **** piety under Wu Jian
  5329 | D:8      | Noticed Maggie
  5338 | D:8      | Reached skill level 5 in Fighting
  5355 | D:8      | Killed Maggie
  5356 | D:8      | Reached skill level 1 in Maces & Flails
  5379 | D:8      | Learned a level 2 spell: Call Imp
  5503 | D:8      | Reached skill level 5 in Evocations
  5503 | D:8      | Reached XP level 10. HP: 84/96 MP: 14/14
  6011 | D:9      | Noticed a two-headed ogre
  6016 | D:9      | Slain by a two-headed ogre

Illustrated notes

Levels and vault maps discovered:
D:1:      saegor_arrival_miasma, layout_basic
D:2:      layout_basic, nicolae_ecumenical_pavilion, minmay_misc_feat_pillars,
          minmay_tetromino_i4
D:3:      layout_rooms, lemuel_crystal_altar,
          nicolae_dithmenos_through_a_glass_darkly,
          mainiacjoe_overflow_boulevard, dancing_weapons_uskayaw,
          nrook_loot_triangle
D:4:      layout_rooms, minmay_increasing_density
D:5:      layout_loops_ring, okawaru_gym_becter, xom_redecorated, nrook_campfire
D:6:      layout_rooms, mainiacjoe_overflow_24_doors,
          gammafunk_temple_overflow_forgotten, minmay_temple_entry_arrows,
          nicolae_shop_gadgets
D:7:      layout_cave_pods, mainiacjoe_overflow_six_doors_small,
          fedhas_bush_and_centaur_altar, serial_shops, nicolae_shop_crystal,
          gammafunk_ghost_grave, hex_large, amcnicky_mini_pool_medium
D:8:      layout_loops_ring, uniq_psyche, uniq_maggie
D:9:      layout_loops_ring, nicolae_gozag_seed_capital,
          minmay_lair_entry_grove, david_orc_4

Skill      XL: |  1  2  3  4  5  6  7  8  9 |
---------------+----------------------------+-----
Dodging        | 2 3 4 5 |  5.2
Fighting       | 1 2 3 4 5 |  5.1
Unarmed Combat | 1 2 3 4 5 |  5.4
Spellcasting   | 1 2 3 |  3.5
Ice Magic      | 1 2 3 4 |  4.1
Evocations     | 3 4 5 |  5.0
Maces & Flails | 1 |  1.3
Stealth        | |  0.6
Summonings     | |  0.2

Action                   |  1- 3 |  4- 6 |  7- 9 | 10-12 || total
-------------------------+-------+-------+-------+-------++-------
Melee: Unarmed           |    72 |   225 |    96 |       ||   393
       Punch             |       |     3 |    11 |     2 ||    16
       Flail             |       |       |   117 |    22 ||   139
 Cast: Frozen Ramparts   |       |       |     1 |       ||     1
Invok: Whirlwind         |     6 |     4 |     5 |     1 ||    16
       Lunge             |     1 |    19 |     7 |       ||    27
Evoke: Wand              |     4 |       |       |     1 ||     5
       Piece from Xom's  |     1 |       |     1 |     1 ||     3
 Stab: Sleeping          |     1 |       |       |       ||     1
       Petrified         |       |       |     9 |       ||     9
       Distracted        |       |       |     1 |       ||     1
Armor: Robe              |    15 |     7 |       |       ||    22
       Acid dragon scale |       |    80 |    69 |       ||   149
       Steam dragon scal |       |       |     1 |     6 ||     7
Dodge: Dodged            |    40 |   109 |   181 |    19 ||   349

Table legend: (Time is in decaauts)
 A = Elapsed time spent in this place.
 B = Non-inter-level travel time spent in this place.
 C = Inter-level travel time spent in this place.
 D = Time resting spent in this place.
 E = Time spent auto-exploring this place.
 F = Levels seen in this place.
 G = Mean time per level.
                   A        B        C        D        E       F      G
               +--------+--------+--------+--------+--------+-----+--------+
         Total |   6065 |   5890 |    175 |    509 |   4117 |   9 |  673.9 |
       Dungeon |   6065 |   5890 |    175 |    509 |   4117 |   9 |  673.9 |
               +--------+--------+--------+--------+--------+-----+--------+

Top non-repeatable levels by time:
     D:7: 1252 daAuts
     D:8: 1071 daAuts
     D:2: 918 daAuts
     D:5: 807 daAuts
     D:6: 667 daAuts
     D:4: 605 daAuts
     D:3: 503 daAuts
     D:1: 207 daAuts
     D:9: 32 daAuts
